← All builds
Geo sea / Armada / Economy first / OBSERVED BUILD

Standard geo sea

Standard Geo sea play: bot lab then shipyard in the cove, an early submarine and destroyer to contest the sea, geothermal around 7:40 to fund the later fleet transition.

Usually shipyard in the cove (87%)

#naval #eco · 729 distinct matches · 101 players · 81% of Armada Geo sea games · team won 54% of 778 · Recently observed

HOW TO PLAY IT

Key timing: Shipyard by 3:13

  1. Open 3 mex and wind into Bot Lab.
  2. Put up Shipyard with naval turret and BP for defense.
  3. Send out "submarine" then "destroyer" to contest the sea.
  4. Bring geothermal online to fund the fleet.
  5. Add Advanced Metal Extractor as the economy transitions.

Phase by phase

TYPICAL OF ITS 729 GAMES
  1. 1
  2. 2
  3. 3
  4. 4
PLAY THE OPENING

Follow the example game's first 6:00 step by step: what to build now, what comes next, and where it goes. At 1× it keeps pace with your own game.

  1. 1

    Up to the Bot Lab

    Economy
    • Metal Extractor3Mex
    • Wind Turbine3Wind
    Order
    1. Bot LabBot Lab after 3 mex, 3 winddone ~1:12, middle half 1:06–1:18

    Some games also: wind for allies (44%)

    By 0:55 in all: 3 mex · 3 wind

    The example game in this phase · 3 steps
    1. Mex ×3
    2. Wind ×3
    3. Bot LabBot Labdone 1:15 · typical 1:12
  2. 2

    Bot Lab to Shipyard

    Economy
    • Metal Extractor1Mex
    • Wind Turbine1Wind
    Order
    1. ShipyardShipyard after 4 mex, 4 winddone ~3:11, middle half 2:50–3:36
    Builders
    • Construction Bot3 Con bot
    • Lazarus2 Lazarus

    Some games also: pawn (44%) · con turret (38%) · crossbow (35%)

    By 2:48 in all: 4 mex · 4 wind

    The example game in this phase · 5 steps
    1. Construction BotCon bot
    2. LazarusLazarus ×2
    3. Construction BotCon bot
    4. LazarusLazarus
    5. ShipyardShipyarddone 2:29 · typical 3:11
  3. 3

    Shipyard to 5:00

    Economy
    • Metal Extractor4Mex
    • Wind Turbine1Wind
    Builders
    • Construction Ship1 Con ship
    Army
    • Dolphin3 Dolphin
    • Skater1 Skater
    • Corsair1 Destroyer
    Other
    • Radar Tower1 Radar Tower

    Some games also: Sentry (44%) · submarine (44%) · converter (32%) · con turret (31%) · pawn (31%)

    By 5:00 in all: 8 mex · 7 wind · 1 energy storage · 1 con turret

    The example game in this phase · 20 steps
    1. LazarusLazarus
    2. SkaterSkater
    3. PawnPawn
    4. SkaterSkater
    5. EelSubmarinedone 3:02 · typical 4:22
    6. Construction ShipCon ship
    7. Radar TowerRadar Tower
    8. Mex
    9. Construction ShipCon ship
    10. Mex ×2
    11. DolphinDolphin ×3
    12. Mex ×2
    13. Construction ShipCon ship
    14. Mex ×2
    15. Wind
    16. Mex
    17. SkaterSkater
    18. Construction ShipCon ship
    19. SkaterSkater
    20. Wind
  4. 4

    5:00 to 10:00

    Economy
    • Metal Extractor2Mex
    • Wind Turbine12Wind
    • Energy Converter2Converter
    Builders
    • Construction Turret1 Con turret
    • Construction Ship1 Con ship
    • Grim Reaper1 Grim Reaper
    Army
    • Sentry1 Sentry
    • Dolphin5 Dolphin
    • Corsair2 Destroyer
    • Skater2 Skater

    Some games also: Radar Tower (49%) · frigate (40%) · geo (40%) · Harpoon (39%) · Naval Construction Turret (33%)

    By 10:00 in all: 11 mex · 19 wind · 1 geo · 4 converter · 1 energy storage · 2 con turret

    The example game in this phase · 130 steps
    1. DolphinDolphin
    2. Energy storage
    3. DolphinDolphin ×2
    4. Wind
    5. Mex
    6. DolphinDolphin ×2
    7. Wind
    8. EelSubmarine
    9. Wind
    10. CorsairDestroyerdone 6:25 · typical 5:35
    11. Wind ×3
    12. Grim ReaperGrim Reaper
    13. Wind ×2
    14. Construction ShipCon ship
    15. Mex
    16. Construction ShipCon ship
    17. Wind
    18. SkaterSkater
    19. Wind
    20. DolphinDolphin ×2
    21. Wind
    22. DolphinDolphin
    23. Naval Construction Turret
    24. DolphinDolphin
    25. Wind ×2
    26. DolphinDolphin
    27. EelSubmarine
    28. Wind
    29. UrchinUrchin
    30. Naval Radar / Sonar TowerNaval Radar / Sonar Tower
    31. Grim ReaperGrim Reaper
    32. Wind
    33. Construction ShipCon ship
    34. Wind
    35. SkaterSkater
    36. DolphinDolphin
    37. Wind
    38. DolphinDolphin ×2
    39. Wind
    40. DolphinDolphin ×2
    41. Wind
    42. Advanced Metal ExtractorT2 mexdone 11:49 · typical 9:17
    43. EelSubmarine
    44. Wind
    45. Naval Radar / Sonar TowerNaval Radar / Sonar Tower
    46. Wind
    47. Mex
    48. Grim ReaperGrim Reaper
    49. Wind
    50. Construction ShipCon ship
    51. SkaterSkater
    52. DolphinDolphin
    53. EelSubmarine
    54. Wind
    55. Bot LabBot Labdone 9:53
    56. Wind
    57. Construction BotCon bot
    58. Wind
    59. Construction BotCon bot ×2
    60. PawnPawnfor Suicide front
    61. Wind
    62. PawnPawnfor Suicide front
    63. PawnPawn
    64. Mex
    65. PawnPawn ×2for Suicide front
    66. PawnPawn
    67. PawnPawn ×2for Suicide front
    68. Wind
    69. PawnPawnfor Suicide front
    70. Naval Metal Storage
    71. PawnPawn ×4for Suicide front
    72. PawnPawn
    73. Construction BotCon bot
    74. Wind
    75. Mex
    76. Construction BotCon bot ×5
    77. Wind
    78. Construction BotCon bot
    79. Wind
    80. Naval Construction Turret
    81. Construction BotCon bot ×2
    82. Tidal
    83. Wind
    84. Advanced Metal ExtractorT2 mex
    85. Construction BotCon bot
    86. Naval Construction Turret
    87. Tidal
    88. Wind
    89. Geothermal PowerplantGeodone 13:29 · typical 7:45
    90. Tidal ×2
    91. Wind
    92. Advanced Metal ExtractorT2 mex
    93. Wind
    94. Tidal
    95. Wind
    96. Naval Construction Turret
    97. Tidal ×2
    98. Wind ×2
    99. Tidal
    100. Wind
    101. Tidal
    102. Wind
    103. Tidal ×2
    104. Wind ×2
    105. Tidal ×5
    106. Wind
    107. Tidal ×2
    108. Wind
    109. Tidal
    110. Wind ×2
    111. Tidal ×2
    112. Naval Construction Turret
    113. Tidal ×3
    114. Wind
    115. Naval Construction Turret ×2
    116. Tidal
    117. Wind
    118. Tidal
    119. Naval Construction Turret
    120. SentrySentry
    121. Tidal ×6
    122. SentrySentry
    123. Tidal
    124. Advanced ShipyardAdvanced Shipyarddone 14:52
    125. Tidal ×2
    126. Wind
    127. Dragon's ClawDragon's Claw
    128. SentrySentry ×2
    129. Dragon's ClawDragon's Claw ×2
    130. SentrySentry

Counts are medians over the build's games: half of them build more, half fewer. The example game is SeduceUrAfus's (47 OS, 29/09/2026); pick another.

Team trades

IN AT LEAST 30% OF ITS GAMES

You hand over

  • Wind Turbine2 Wind to Airfirst at 1:41 · in 62% of games

You get

  • Finch1 Finch from Airfirst at 1:51 · in 74% of games
  • Hercules1 Light transport from Airfirst at 2:05 · in 64% of games
  • Advanced Construction Bot1 T2 con bot from Techfirst at 7:42 · in 89% of games

How it plays out

Typical game of this build, running totals by minute

Metal produced

010k20k30k
0:005:0010:0015:00

metal

Enemy metal destroyed

05k10k
0:005:0010:0015:00

metal

Own metal lost

02.5k5k7.5k
0:005:0010:0015:00

metal

778 games.

Show as table
ByMetal produced: This buildEnemy metal destroyed: This buildOwn metal lost: This build
1:0039500
2:0092800
3:00160300
4:002928051
5:00414717574
6:005554541314
7:0071101004646
8:00877617711041
9:001068025461676
10:001296034962273
11:001570846933181
12:001869457873959
13:002186669234765
14:002559380275669
15:002907491296696
WHAT THE NUMBERS SAY

Standard Armada geo sea nearly matches Cortex's economy numbers but wins slightly more often at 53%.

  • + Metal produced reaches 28785 by 15:00, the highest of the sea builds
  • + Own metal lost of 6895 stays well under enemy metal destroyed's 9048
  • − Geothermal only lands in 58% of games by 7:34
  • − T2 factory completes in only 40% of games by 12:43
THE EXAMPLE YOU ARE READING

SeduceUrAfus

47.4 OS · 29/09/2026

Open source match ↗

16 received units · includes a constructor
1337 metal received · 26521 energy received

Allied construction assistance is unknown. Timings are observations, not a promise of solo reproducibility.

Typical milestones

Bot Lab1:12Middle 50%: 1:06–1:18 · n=746
Shipyard3:11Middle 50%: 2:50–3:36 · n=767
Eel4:22Middle 50%: 3:41–5:34 · n=464
Corsair5:35Middle 50%: 4:50–6:34 · n=719
Geothermal Powerplant7:45Middle 50%: 6:47–9:10 · n=475
Advanced Metal Extractor9:17Middle 50%: 8:36–10:07 · n=680

Played most by

Optimusprimenutt52games of this buildKingBenjai49games of this build_X_48games of this buildhaaven42games of this buildHummell33games of this build